[Event "Titled Tuesday Blitz December 13 Early 2022"]
[White "Zeman, Matyas"]
[Black "Lortkipanidze, Nodar"]
[WhiteFideId "364398"]
[BlackFideId "13604058"]
[WhiteElo "2424"]
[BlackElo "2839"]
[Result "1/2-1/2"]
[Round "03"]
[TimeControl "180+1"]
[Date "2022.12.14"]
[WhiteClock "0:00:05"]
[BlackClock "0:00:21"]

1. d4 e6 2. Nf3 f5 3. g3 b6 4. Bg2 Bb7 5. O-O Nf6 6. Bg5 h6 7. Bxf6 Qxf6 8. c4 g5 9. Nc3 Bg7 10. Qc2 O-O 11. Rad1 f4 12. Ne5 Bxg2 13. Kxg2 d6 14. Qe4 dxe5 15. dxe5 Qxe5 16. Qxa8 g4 17. gxf4 Qxf4 18. Rd3 Qxc4 19. b3 Qf4 20. Qe4 Na6 21. Qxf4 Rxf4 22. e3 Rf7 23. Ne4 Kh7 24. a3 Nb8 25. Rc1 c5 26. b4 cxb4 27. axb4 a5 28. bxa5 bxa5 29. Rc5 a4 30. Ra3 Bf8 31. Rxa4 Bxc5 32. Nxc5 h5 33. Nxe6 Kh6 34. Ra5 Nc6 35. Rc5 Ne7 36. Nf4 Nf5 37. Rc6+ Kh7 38. Rc5 Kh6 39. Rc6+ Kg5 40. Rg6+ Kh4 41. Rg8 Rg7 42. Rxg7 Nxg7 43. e4 Kg5 44. Nd3 Ne6 45. f3 Nf4+ 46. Nxf4 Kxf4 47. fxg4 hxg4 48. Kf2 Kxe4 49. Kg3 Kf5 50. h3 gxh3 51. Kxh3 1/2-1/2


[Site "https://www.chess.com"]

[Event "Titled Tuesday Blitz December 13 Early 2022"]
[White "Zemlyanskii, Ivan"]
[Black "Ingebretsen, Jens E"]
[WhiteFideId "24249971"]
[BlackFideId "1522965"]
[WhiteElo "2107"]
[BlackElo "2213"]
[Result "1-0"]
[Round "03"]
[TimeControl "180+1"]
[Date "2022.12.14"]
[WhiteClock "0:02:05"]
[BlackClock "0:01:28"]

1. d4 e6 2. c4 b6 3. Nf3 Bb7 4. g3 f5 5. Bg2 Nf6 6. O-O Bd6 7. Nc3 O-O 8. d5 Na6 9. Nd4 Qe7 10. Bg5 Nc5 11. b4 Nce4 12. Nxe4 fxe4 13. Bxe4 Bxb4 14. d6 Qxd6 15. Bxb7 Rab8 16. Bg2 Bc3 17. Nb5 Qxd1 18. Raxd1 Be5 19. Bxf6 Rxf6 20. Rxd7 1-0


[Site "https://www.chess.com"]

[Event "Titled Tuesday Blitz December 13 Early 2022"]
[White "Zhigalko, Sergei"]
[Black "Raahul V S"]
[WhiteFideId "13502956"]
[BlackFideId "25035525"]
[WhiteElo "2662"]
[BlackElo "2202"]
[Result "1-0"]
[Round "03"]
[TimeControl "180+1"]
[Date "2022.12.14"]
[WhiteClock "0:01:44"]
[BlackClock "0:01:44"]

1. e4 e6 2. d4 d5 3. e5 c5 4. c3 Qb6 5. Nf3 Bd7 6. Be2 Bb5 7. Bxb5+ Qxb5 8. a4 Qa6 9. dxc5 Bxc5 10. b4 Be7 11. Na3 Qc6 12. O-O Nh6 13. Bxh6 gxh6 14. Qd2 Rg8 15. Nb5 Rg6 16. Nfd4 Qd7 17. f4 Nc6 18. f5 Rg5 19. fxe6 fxe6 20. Nxe6 1-0


[Site "https://www.chess.com"]

[Event "Titled Tuesday Blitz December 13 Early 2022"]
[White "Abasov, Nijat"]
[Black "Fier, Alexandr"]
[WhiteFideId "13402960"]
[BlackFideId "2107139"]
[WhiteElo "2546"]
[BlackElo "2612"]
[Result "0-1"]
[Round "04"]
[TimeControl "180+1"]
[Date "2022.12.13"]
[WhiteClock "0:00:05"]
[BlackClock "0:00:55"]

1. d4 Nf6 2. Nf3 c5 3. c3 d5 4. Bf4 Nc6 5. e3 Qb6 6. Qb3 c4 7. Qc2 Bf5 8. Qc1 e6 9. Nbd2 Nh5 10. Bg3 Nxg3 11. hxg3 h6 12. Be2 Be7 13. b3 cxb3 14. axb3 Rc8 15. O-O O-O 16. Qb2 Bf6 17. Rfc1 Bg6 18. c4 dxc4 19. Nxc4 Qd8 20. b4 a6 21. b5 axb5 22. Qxb5 Rc7 23. Nce5 Bxe5 24. Nxe5 Nxe5 25. Qxe5 Rxc1+ 26. Rxc1 Qb6 27. Bf3 Qb2 28. Qc7 b5 29. d5 exd5 30. Bxd5 b4 31. Rc6 b3 32. Rxg6 Qb1+ 33. Kh2 Qxg6 34. Bxb3 Qf6 35. Qf4 Qxf4 36. gxf4 Rb8 37. Bd5 Kf8 38. Kg3 Ke7 39. Kf3 f6 40. g4 Kd6 41. Be4 Rb2 42. Bg6 Ra2 43. Bf7 Ra1 44. Ke4 Ke7 45. Bg6 Rg1 46. f3 Rg3 47. f5 Rg1 48. Kf4 Kd6 49. Bf7 Kc5 50. Be6 Ra1 51. e4 Kd4 52. Bd7 Ra5 53. Be6 Kd3 54. Bd7 Ke2 55. Bc6 Kf2 56. Bd5 Rc5 57. Bb7 Kg2 58. Ba8 Kh3 59. Bb7 Kh4 60. Ba8 h5 61. gxh5 Kxh5 62. Bb7 Kh4 63. Ba8 Kh3 64. Bb7 Kg2 65. Ba8 Kf2 66. Bb7 Ra5 67. Bc6 Ra6 68. Bb7 Rb6 69. Ba8 Rb5 70. Bc6 Rb4 71. Ba8 Ke1 72. Bc6 Kd2 73. Ba8 Kc3 74. Kg4 Rb1 75. Kf4 Kd4 76. Bc6 Rg1 77. Ba8 Rh1 78. Bd5 Rh4+ 79. Kg3 Rh1 80. Kf4 Rh2 81. Ba8 Rh4+ 82. Kg3 Rh8 83. Bd5 Ke3 84. Kg4 Rh1 85. Bb7 Rg1+ 86. Kh5 Kf4 87. Bd5 Rg5+ 88. Kh4 Rg3 89. Kh5 Rxf3 90. Kg6 Rg3+ 91. Kf7 Ke5 92. Bc6 Rc3 93. Bd5 Rc7+ 94. Kg6 Re7 95. Ba8 Kf4 96. Bd5 Rxe4 97. Kxg7 Re5 98. Be6 Kg5 99. Kf7 Rxf5 0-1


[Site "https://www.chess.com"]

[Event "Titled Tuesday Blitz December 13 Early 2022"]
[White "Aizpurua, Patrick Emilio"]
[Black "Moskalenko, Alexander"]
[WhiteFideId "6600522"]
[BlackFideId "4155351"]
[WhiteElo "2378"]
[BlackElo "2446"]
[Result "0-1"]
[Round "04"]
[TimeControl "180+1"]
[Date "2022.12.14"]
[WhiteClock "0:00:03"]
[BlackClock "0:00:10"]

1. d4 Nf6 2. c4 b6 3. Nf3 Bb7 4. Nc3 e6 5. g3 Bb4 6. Bg2 Bxc3+ 7. bxc3 O-O 8. O-O d6 9. Bg5 Nbd7 10. Re1 h6 11. Bf4 Qe7 12. a4 a5 13. Qb3 e5 14. Bc1 Be4 15. Ba3 Rfe8 16. Rad1 Qe6 17. Bf1 Qf5 18. Nh4 Qh7 19. Rd2 g5 20. Ng2 Re7 21. c5 bxc5 22. dxc5 Rb8 23. Qa2 Nxc5 24. Bxc5 dxc5 25. Qc4 Bxg2 26. Bxg2 Rb1 27. Rdd1 Rxd1 28. Rxd1 Rd7 29. Rxd7 Qb1+ 30. Bf1 Nxd7 31. Qd5 Nb6 32. Qd8+ Kg7 33. Qxc7 Nc4 34. e4 Qb6 35. Qe7 Qd6 36. Qa7 Nd2 37. Be2 Nxe4 38. Qxa5 Qd2 39. Qc7 Qe1+ 40. Kg2 Qxf2+ 41. Kh3 g4+ 0-1


[Site "https://www.chess.com"]

[Event "Titled Tuesday Blitz December 13 Early 2022"]
[White "Alexakis, Dimitris"]
[Black "Navara, David"]
[WhiteFideId "4277023"]
[BlackFideId "309095"]
[WhiteElo "2470"]
[BlackElo "2676"]
[Result "0-1"]
[Round "04"]
[TimeControl "180+1"]
[Date "2022.12.13"]
[WhiteClock "0:00:05"]
[BlackClock "0:00:15"]

1. e4 c6 2. d4 d5 3. Nd2 dxe4 4. Nxe4 Nf6 5. Nxf6+ exf6 6. c3 Bd6 7. Bd3 O-O 8. Ne2 Re8 9. Qc2 h5 10. O-O h4 11. h3 Nd7 12. Bf4 Nf8 13. Qd2 g6 14. Rfe1 Ne6 15. Bxd6 Qxd6 16. Qh6 Bd7 17. Qxh4 Kg7 18. Qg3 Qxg3 19. Nxg3 Nf4 20. Bf1 f5 21. Rad1 Rxe1 22. Rxe1 Be6 23. a3 Rd8 24. Re5 b6 25. f3 Kf6 26. Re1 Bb3 27. Ba6 c5 28. Ne2 Ne6 29. Rc1 cxd4 30. cxd4 Nxd4 31. Nxd4 Rxd4 32. Rc3 Rd1+ 33. Kh2 Bd5 34. Rc7 Rd2 35. Kg3 Rxb2 36. Rxa7 g5 37. h4 f4+ 38. Kh3 Be6+ 39. Kh2 gxh4 40. Kg1 h3 41. gxh3 Kg5 42. Ra8 Rb3 43. Bb7 Kh4 44. Rh8+ Kg3 45. Rg8+ Kh4 46. a4 Rb1+ 47. Kf2 Rb2+ 48. Ke1 Kxh3 49. Kd1 Rg2 50. Rh8+ Kg3 51. Ke1 Rg1+ 52. Ke2 Bc4+ 53. Kd2 Ra1 54. Kc3 Be2 55. Rg8+ Kf2 56. Rg4 Ke3 57. Kb3 Bxf3 58. Bxf3 Kxf3 59. Rg7 Rd1 60. Rxf7 Rd6 61. Kb4 Ke4 62. Re7+ Kf5 63. a5 bxa5+ 64. Kc5 Rf6 0-1


[Site "https://www.chess.com"]

[Event "Titled Tuesday Blitz December 13 Early 2022"]
[White "Alice, Mateus Felizardo Viageiro"]
[Black "Lopez Idarraga, Daniel Eduardo"]
[WhiteFideId "14800047"]
[BlackFideId "4405501"]
[WhiteElo "2189"]
[BlackElo "2064"]
[Result "1-0"]
[Round "04"]
[TimeControl "180+1"]
[Date "2022.12.14"]
[WhiteClock "0:01:45"]
[BlackClock "0:01:27"]

1. e4 c5 2. Nf3 Nc6 3. Bb5 e6 4. O-O Nge7 5. c3 a6 6. Ba4 b5 7. Bc2 d6 8. a4 Bb7 9. d4 Ng6 10. Re1 Be7 11. Nbd2 O-O 12. Nf1 b4 13. Ng3 a5 14. Be3 Rc8 15. Qd2 Qb6 16. Bd3 Rfd8 17. d5 exd5 18. exd5 Nce5 19. Nxe5 Nxe5 20. Be2 Bf6 21. Ne4 Be7 22. f4 Nd7 23. c4 Nf6 24. Bd3 Nxe4 25. Bxe4 Bf6 26. g4 Re8 27. Bf5 Rcd8 28. g5 Rxe3 29. gxf6 Ree8 30. Bxh7+ Kxh7 31. Qd3+ Kg8 32. Qg3 1-0


[Site "https://www.chess.com"]

[Event "Titled Tuesday Blitz December 13 Early 2022"]
[White "Antonio, Jorge Carlos"]
[Black "Mihailidis, Anastasios"]
[WhiteFideId "113190"]
[BlackFideId "4205588"]
[WhiteElo "2247"]
[BlackElo "2312"]
[Result "1-0"]
[Round "04"]
[TimeControl "180+1"]
[Date "2022.12.14"]
[WhiteClock "0:00:27"]
[BlackClock "0:00:14"]

1. d4 d5 2. Nf3 e6 3. Bf4 Bd6 4. Ne5 Nf6 5. e3 O-O 6. c3 c5 7. Bd3 Nc6 8. Nd2 Qc7 9. Ndf3 Ne7 10. O-O b6 11. h4 Bb7 12. h5 Nd7 13. Nxd7 Qxd7 14. Ne5 Bxe5 15. Bxe5 f6 16. Bg3 Nc6 17. Qg4 Kh8 18. Rad1 Rad8 19. Bh4 Rde8 20. Rfe1 Nd8 21. Bb1 Nf7 22. dxc5 bxc5 23. e4 Qc8 24. exd5 exd5 25. Qxc8 Rxc8 26. Re7 Bc6 27. Rxa7 Ne5 28. f4 Nc4 29. h6 g6 30. Re1 Rce8 31. Rxe8 Bxe8 32. b3 Nd2 33. Bc2 Ne4 34. Bxe4 dxe4 35. Bf2 c4 36. b4 Bc6 37. Bd4 Kg8 38. g3 Re8 39. Kf2 g5 40. Ke3 gxf4+ 41. gxf4 f5 42. Rg7+ Kf8 43. Rxh7 Ra8 44. Rc7 Be8 45. h7 1-0


[Site "https://www.chess.com"]

[Event "Titled Tuesday Blitz December 13 Early 2022"]
[White "Araujo Sanchez, Josue"]
[Black "Khoroshev, Nikita"]
[WhiteFideId "6416896"]
[BlackFideId "14200287"]
[WhiteElo "2370"]
[BlackElo "2354"]
[Result "1-0"]
[Round "04"]
[TimeControl "180+1"]
[Date "2022.12.14"]
[WhiteClock "0:00:09"]
[BlackClock "0:00:09"]

1. c4 e5 2. d3 Nc6 3. g3 f5 4. Bg2 Nf6 5. Nc3 Bb4 6. Nf3 O-O 7. O-O Bxc3 8. bxc3 d6 9. Nh4 Qe8 10. f4 e4 11. Rb1 Rb8 12. Rb5 a6 13. Rxf5 Bxf5 14. Nxf5 Qe6 15. Nd4 Nxd4 16. cxd4 c6 17. f5 Qe7 18. Bg5 exd3 19. Qxd3 h6 20. Bh4 c5 21. Bd5+ Kh8 22. Be6 cxd4 23. Qxd4 Qc7 24. e3 Qc5 25. Rd1 b6 26. h3 Rbd8 27. Kg2 Qxd4 28. exd4 Rfe8 29. g4 Re7 30. Kf3 Rc7 31. a4 Kh7 32. Rb1 Rb7 33. Bd5 Rbb8 34. Bc6 Rdc8 35. d5 Rc7 36. Bxf6 gxf6 37. Re1 Kg7 38. Re6 Rd8 39. Ke4 Kf7 40. Kd4 Re7 41. Kc3 Rc7 42. Kb4 Re7 43. a5 bxa5+ 44. Kxa5 Rc7 45. Kxa6 Rb8 46. Bb5 Rd8 47. Kb6 Re7 48. Kc6 Red7 49. Kb6 Re7 50. Ka5 Ra7+ 51. Kb4 Re7 52. c5 dxc5+ 53. Kxc5 Rc7+ 54. Bc6 Ra7 55. d6 Ra5+ 56. Kb6 Ra3 57. Re7+ Kf8 58. Kc7 Rda8 59. Bxa8 Rxa8 60. Rh7 Kg8 61. Re7 Kf8 62. Re6 Kf7 63. d7 Ra7+ 64. Kc6 Ra6+ 65. Kd5 Ra8 66. Re8 Rxe8 67. dxe8=Q+ Kxe8 68. Ke6 1-0


[Site "https://www.chess.com"]

[Event "Titled Tuesday Blitz December 13 Early 2022"]
[White "Asavasaetakul, Chawit"]
[Black "Khandelwal, Ankush"]
[WhiteFideId "6204856"]
[BlackFideId "413470"]
[WhiteElo "1919"]
[BlackElo "2271"]
[Result "1-0"]
[Round "04"]
[TimeControl "180+1"]
[Date "2022.12.14"]
[WhiteClock "0:00:42"]
[BlackClock "0:00:20"]

1. e4 c5 2. c3 d5 3. exd5 Qxd5 4. d4 g6 5. Nf3 Bg7 6. dxc5 Qxc5 7. Be3 Qc7 8. Na3 a6 9. Nc4 Nd7 10. a4 Nh6 11. Qd2 Nf5 12. Bf4 e5 13. Bg5 O-O 14. g4 e4 15. gxf5 exf3 16. fxg6 Re8+ 17. Be3 hxg6 18. Nd6 Re6 19. O-O-O b5 20. Nxc8 Bxc3 21. Qxc3 Qb7 22. Na7 Rxa7 23. Kb1 Ra8 24. Bh3 Rc8 25. Qd4 Rc4 26. Qxd7 Qe4+ 27. Qd3 Qh4 28. Bxe6 fxe6 29. Qxg6+ 1-0


[Site "https://www.chess.com"]

[Event "Titled Tuesday Blitz December 13 Early 2022"]
[White "Avazkhonov, Alikhon"]
[Black "Johnson, Ben"]
[WhiteFideId "14208504"]
[BlackFideId "2010917"]
[WhiteElo "1739"]
[BlackElo "2210"]
[Result "1-0"]
[Round "04"]
[TimeControl "180+1"]
[Date "2022.12.14"]
[WhiteClock "0:00:18"]
[BlackClock "0:00:01"]

1. d4 Nf6 2. c4 e6 3. Nc3 Bb4 4. e3 O-O 5. Bd2 b6 6. Nf3 Bb7 7. Bd3 d5 8. cxd5 exd5 9. Rc1 Re8 10. Nb5 Bxd2+ 11. Nxd2 c6 12. Nc3 Qd6 13. O-O a5 14. Nf3 Nbd7 15. Qc2 Ba6 16. Rfd1 Bxd3 17. Qxd3 Rac8 18. a3 Ne4 19. Nd2 f5 20. Rc2 Nxc3 21. Rxc3 f4 22. e4 dxe4 23. Nxe4 Qg6 24. f3 Nf6 25. Nd6 Qg5 26. Nxe8 Nxe8 27. Qe4 Qf6 28. d5 Nd6 29. Qe6+ Qxe6 30. dxe6 Nf5 31. Rd7 Ne3 32. e7 Re8 33. Rd8 1-0


[Site "https://www.chess.com"]

[Event "Titled Tuesday Blitz December 13 Early 2022"]
[White "Avinash, Ramesh"]
[Black "Lazavik, Denis"]
[WhiteFideId "45018340"]
[BlackFideId "13515110"]
[WhiteElo "2264"]
[BlackElo "2484"]
[Result "1/2-1/2"]
[Round "04"]
[TimeControl "180+1"]
[Date "2022.12.13"]
[WhiteClock "0:00:59"]
[BlackClock "0:00:27"]

1. e4 c5 2. Nc3 e6 3. f4 d5 4. Nf3 dxe4 5. Nxe4 Be7 6. Bb5+ Bd7 7. Bxd7+ Nxd7 8. Qe2 Ngf6 9. b3 O-O 10. Bb2 Nxe4 11. Qxe4 Bf6 12. Ne5 Nxe5 13. fxe5 Bh4+ 14. g3 Bg5 15. O-O-O b5 16. h4 Be7 17. d4 cxd4 18. Rxd4 Qc7 19. Rhd1 Rfd8 20. Rxd8+ Rxd8 21. Rxd8+ Bxd8 22. a4 a6 23. axb5 axb5 24. Kd2 h5 25. Qe2 Qc5 26. Qxh5 Ba5+ 27. c3 Qf2+ 28. Qe2 Qxg3 29. Qxb5 Qf2+ 30. Kc1 Bb6 31. c4 Be3+ 32. Kb1 Kh7 33. Qd7 Qe1+ 34. Ka2 Qa5+ 35. Kb1 Qe1+ 36. Ka2 Qa5+ 37. Kb1 Qe1+ 1/2-1/2


[Site "https://www.chess.com"]

[Event "Titled Tuesday Blitz December 13 Early 2022"]
[White "Barria Zuniga, Daniel"]
[Black "Dudzinski, Pawel"]
[WhiteFideId "3400816"]
[BlackFideId "1117890"]
[WhiteElo "2414"]
[BlackElo "2099"]
[Result "1-0"]
[Round "04"]
[TimeControl "180+1"]
[Date "2022.12.14"]
[WhiteClock "0:00:14"]
[BlackClock "0:00:18"]

1. d4 d5 2. c4 c6 3. Nf3 e6 4. Nc3 f5 5. Bg5 Nf6 6. e3 Be7 7. Qc2 O-O 8. Bd3 Ne4 9. Bxe7 Qxe7 10. O-O Bd7 11. Rab1 Be8 12. b4 a6 13. a4 Nd7 14. b5 axb5 15. axb5 Bh5 16. bxc6 bxc6 17. Rb7 Bxf3 18. gxf3 Nd6 19. Rc7 dxc4 20. Be2 Rfc8 21. Rxc8+ Rxc8 22. Ra1 Nb6 23. e4 Qg5+ 24. Kh1 fxe4 25. Nxe4 Qf4 26. Rg1 Nxe4 27. Qxe4 Qxe4 28. fxe4 c5 29. d5 exd5 30. exd5 Rd8 31. Rb1 Nxd5 32. Bxc4 Kf8 33. Rd1 Ke7 34. Rxd5 Rxd5 35. Bxd5 Kd6 36. Bg8 h6 37. Kg2 Ke5 38. Kf3 Kf5 39. h4 h5 40. Bf7 g5 41. Bxh5 gxh4 42. Kg2 Ke4 43. Kh3 c4 44. Kxh4 c3 45. Kg3 Kf5 46. Bd1 Ke5 47. Bc2 Kf6 48. Kf4 Ke6 49. Ke4 Kf6 50. f4 1-0


[Site "https://www.chess.com"]

[Event "Titled Tuesday Blitz December 13 Early 2022"]
[White "Begunov, Konstantin"]
[Black "Ashraf, Artin"]
[WhiteFideId "4118510"]
[BlackFideId "22514805"]
[WhiteElo "2141"]
[BlackElo "2243"]
[Result "0-1"]
[Round "04"]
[TimeControl "180+1"]
[Date "2022.12.14"]
[WhiteClock "0:00:43"]
[BlackClock "0:01:42"]

1. d4 f6 2. c4 g6 3. Nc3 Nh6 4. e4 Nf7 5. Be3 Bg7 6. Qd2 e5 7. f4 d6 8. Nf3 O-O 9. O-O-O Nc6 10. fxe5 fxe5 11. d5 Nd4 12. Nxd4 exd4 13. Bxd4 Ne5 14. Be2 Bd7 15. Rdf1 Qh4 16. Kc2 c5 17. dxc6 Bxc6 18. Be3 Bxe4+ 19. Nxe4 Qxe4+ 20. Kb3 Qxg2 21. Rxf8+ Rxf8 22. Bxa7 Qxh1 0-1


[Site "https://www.chess.com"]

[Event "Titled Tuesday Blitz December 13 Early 2022"]
[White "Bluebaum, Matthias"]
[Black "Aradhya, Garg"]
[WhiteFideId "24651516"]
[BlackFideId "25006746"]
[WhiteElo "2634"]
[BlackElo "2278"]
[Result "1-0"]
[Round "04"]
[TimeControl "180+1"]
[Date "2022.12.13"]
[WhiteClock "0:00:26"]
[BlackClock "0:00:03"]

1. d4 d5 2. c4 c6 3. Nc3 Nf6 4. Nf3 dxc4 5. e4 b5 6. Qc2 Na6 7. Be2 Bb7 8. e5 Nb4 9. Qb1 Nfd5 10. e6 f6 11. Nh4 Qd6 12. Bh5+ g6 13. Be2 Qxe6 14. O-O Nxc3 15. bxc3 Qxe2 16. Qxb4 a5 17. Qc5 Ra6 18. d5 e5 19. d6 Qe4 20. f4 Qd5 21. Qf2 e4 22. Ba3 Kd7 23. Rad1 Qf7 24. f5 g5 25. Rfe1 gxh4 26. Rxe4 Rg8 27. Re7+ Bxe7 28. dxe7+ Kc8 29. Bc5 b4 30. Qf4 b3 31. Qd6 Qe8 32. Qe6+ Kb8 33. Qxg8 Qxg8 34. Rd8+ Bc8 35. Rxg8 bxa2 36. Rxc8+ Kb7 37. e8=Q a1=Q+ 38. Kf2 Qb2+ 39. Kf3 Qxc3+ 40. Kg4 Qe5 41. Qd7+ Qc7 42. Qxc7# 1-0


[Site "https://www.chess.com"]

[Event "Titled Tuesday Blitz December 13 Early 2022"]
[White "Bodnaruk, Anastasia"]
[Black "Schut, Han"]
[WhiteFideId "4181751"]
[BlackFideId "1005561"]
[WhiteElo "2314"]
[BlackElo "2024"]
[Result "1-0"]
[Round "04"]
[TimeControl "180+1"]
[Date "2022.12.14"]
[WhiteClock "0:00:53"]
[BlackClock "0:00:07"]

1. e4 c5 2. Nc3 Nc6 3. Bb5 Nd4 4. Bc4 g6 5. Nf3 Bg7 6. Nxd4 Bxd4 7. Qf3 e6 8. d3 Ne7 9. Bh6 a6 10. a4 Qa5 11. O-O Bxc3 12. bxc3 Qxc3 13. Bg5 f5 14. Qg3 Qg7 15. Qd6 b6 16. Qxb6 h6 17. Be3 O-O 18. Qxc5 Nc6 19. Qd6 f4 20. Bc5 Rf7 21. Rab1 f3 22. g3 Ne5 23. Ba2 Qf6 24. Bd4 Qg5 25. Qxe5 Rf5 26. Qg7# 1-0


[Site "https://www.chess.com"]

[Event "Titled Tuesday Blitz December 13 Early 2022"]
[White "Bogaudinov, Rushan"]
[Black "Stijve, Theo"]
[WhiteFideId "4129288"]
[BlackFideId "1331132"]
[WhiteElo "2028"]
[BlackElo "2256"]
[Result "0-1"]
[Round "04"]
[TimeControl "180+1"]
[Date "2022.12.14"]
[WhiteClock "0:00:02"]
[BlackClock "0:00:19"]

1. a3 g6 2. d4 Nf6 3. e3 Bg7 4. Nf3 O-O 5. c4 d5 6. c5 b6 7. b4 a5 8. Bb2 Ne4 9. Nc3 bxc5 10. bxc5 Nxc3 11. Bxc3 Ba6 12. Bxa6 Rxa6 13. O-O Nd7 14. Rb1 Nxc5 15. Rb5 Ne4 16. Bxa5 Qa8 17. Bb4 c6 18. Rc5 Nxc5 19. Bxc5 Re8 20. h4 Ra4 21. h5 Rc4 22. Qd3 e5 23. Nd2 Ra4 24. Nb3 e4 25. Qc2 gxh5 26. Qe2 Rb8 27. Nc1 Rb1 28. Qxh5 Qa6 29. Qg4 Rc4 30. Qd7 h6 31. Qe8+ Kh7 32. Qxf7 Rcxc1 33. Bf8 Rxf1+ 34. Kh2 Rh1+ 35. Kg3 Rb7 36. Qf5+ Kh8 0-1


[Site "https://www.chess.com"]

[Event "Titled Tuesday Blitz December 13 Early 2022"]
[White "Bruned, Boris"]
[Black "Bettalli, Francesco"]
[WhiteFideId "621790"]
[BlackFideId "2816453"]
[WhiteElo "2049"]
[BlackElo "2216"]
[Result "0-1"]
[Round "04"]
[TimeControl "180+1"]
[Date "2022.12.14"]
[WhiteClock "0:00:01"]
[BlackClock "0:00:43"]

1. b3 g6 2. Bb2 Nf6 3. Bxf6 exf6 4. c4 Bg7 5. Nc3 O-O 6. g3 f5 7. Bg2 d6 8. e3 Nc6 9. Nge2 h5 10. h4 a5 11. d4 Re8 12. O-O Bh6 13. Qd3 Kh8 14. a3 f6 15. Nf4 Rg8 16. Ncd5 Rg7 17. b4 Bd7 18. b5 Na7 19. a4 Be8 20. Ne6 Qd7 21. Nxg7 Qxg7 22. Nf4 g5 23. Ne2 Bd7 24. Bxb7 Re8 25. Bg2 gxh4 26. gxh4 Qg4 27. Ng3 f4 28. exf4 Bxf4 29. Qd1 Qxh4 30. Qxh5+ Qxh5 31. Nxh5 Bg5 32. Ng3 Kg7 33. Rae1 Rh8 34. Ne4 Bf4 35. Ng3 Nc8 36. Re4 Bd2 37. Re2 Bb4 38. Rd1 Nb6 39. c5 Nxa4 40. cxd6 cxd6 41. Re7+ Kg6 42. Rxd7 Nc3 43. Rc1 Nxb5 44. Rb7 Nxd4 45. Rcc7 Kg5 46. Rc4 Bc5 47. Rg7+ Kf4 48. Rc7 Ke5 0-1


[Site "https://www.chess.com"]

[Event "Titled Tuesday Blitz December 13 Early 2022"]
[White "Buchenau, Frank"]
[Black "Roque Sola, Jose Luis"]
[WhiteFideId "4604350"]
[BlackFideId "5120390"]
[WhiteElo "2157"]
[BlackElo "2117"]
[Result "1/2-1/2"]
[Round "04"]
[TimeControl "180+1"]
[Date "2022.12.14"]
[WhiteClock "0:00:05"]
[BlackClock "0:01:01"]

1. e4 e6 2. d4 d5 3. Nc3 Nf6 4. e5 Nfd7 5. f4 c5 6. Nf3 Nc6 7. Be3 a6 8. Qd2 b5 9. a3 Qb6 10. dxc5 Bxc5 11. Bxc5 Nxc5 12. Qf2 Bb7 13. b4 Nd7 14. Qxb6 Nxb6 15. Ne2 Rc8 16. Ned4 Nxd4 17. Nxd4 Nc4 18. Bd3 Nb2 19. Kd2 Nxd3 20. cxd3 O-O 21. Rac1 Rfd8 22. g4 Kf8 23. f5 Ke7 24. Rhf1 exf5 25. Nxf5+ Kf8 26. Nd6 Rxc1 27. Rxf7+ Kg8 28. Kxc1 Rxd6 29. Rxb7 Rc6+ 30. Kd2 d4 31. Rd7 Re6 32. Rxd4 Rxe5 33. Rd6 h5 34. d4 Rg5 35. gxh5 Rxh5 36. Rxa6 Rxh2+ 37. Ke3 g5 38. Rg6+ Kf7 39. Rxg5 Rh3+ 40. Ke4 Rxa3 41. Rxb5 Ke7 42. Kd5 Rh3 43. Rb7+ Kd8 44. Kc5 Rc3+ 45. Kd6 Kc8 46. Rh7 Rc4 47. d5 Rxb4 48. Kc5 Rb1 49. Kc6 Rc1+ 50. Kd6 Rg1 51. Rh8+ Kb7 52. Ke6 Kc7 53. d6+ Kc6 54. Rc8+ Kb7 55. Rc2 Rg6+ 56. Ke7 Rg7+ 57. Kf6 Rd7 58. Ke6 Rh7 59. d7 Rh6+ 60. Ke7 Rh7+ 61. Ke6 Rh6+ 62. Ke5 Rh5+ 63. Kf4 Rh4+ 64. Kg5 Rd4 65. Rb2+ Kc7 66. Rc2+ Kxd7 67. Rf2 Kd6 68. Rf5 Rd5 69. Rxd5+ Kxd5 1/2-1/2


[Site "https://www.chess.com"]

[Event "Titled Tuesday Blitz December 13 Early 2022"]
[White "Budrewicz, Krzysztof"]
[Black "Miszler, Levente"]
[WhiteFideId "1127950"]
[BlackFideId "763276"]
[WhiteElo "2188"]
[BlackElo "2176"]
[Result "1-0"]
[Round "04"]
[TimeControl "180+1"]
[Date "2022.12.14"]
[WhiteClock "0:00:37"]
[BlackClock "0:00:02"]

1. d4 d5 2. c4 c6 3. Nc3 Nf6 4. e3 e6 5. Nf3 Nbd7 6. Qc2 Be7 7. g4 Nxg4 8. Rg1 f5 9. h3 Ngf6 10. Rxg7 Bf8 11. Rg2 Bh6 12. Bd2 Ne4 13. O-O-O Ndf6 14. Be2 Bd7 15. Ne5 Qe7 16. Qa4 a6 17. Qa5 Qd8 18. Qb4 Qc7 19. Kb1 Bf8 20. Qb3 b5 21. cxd5 cxd5 22. Be1 Nd6 23. f3 Nc4 24. Nxc4 bxc4 25. Qc2 Rb8 26. Bh4 Be7 27. Ka1 Qa5 28. Bg3 Rb7 29. Be5 Kf7 30. Rdg1 Rg8 31. Rxg8 Nxg8 32. Rg7+ Kf8 33. Rxh7 Bb4 34. f4 Ba4 35. Nxa4 Rxh7 36. a3 Be7 37. Bf1 Qe1+ 38. Qb1 Qxb1+ 39. Kxb1 Bf6 40. Bd6+ Be7 41. Be5 Nf6 42. Nc5 a5 43. Nxe6+ Ke8 44. Kc2 Ne4 45. Nc7+ Kd7 46. Nxd5 Rh6 47. Nc3 Nxc3 48. Kxc3 Rg6 49. Kxc4 Rg1 50. Bd3 Rc1+ 51. Kb5 Rd1 52. Bxf5+ Ke8 53. e4 Rb1 54. d5 Bd8 55. d6 Rd1 56. d7+ Kf8 57. Kc4 Rc1+ 58. Kd3 Rd1+ 59. Kc2 Rf1 60. b4 axb4 61. axb4 Rf2+ 62. Kb3 Rf1 63. Kc4 Be7 64. b5 Rd1 65. b6 Rc1+ 66. Kb5 Rb1+ 67. Ka6 Bd8 68. Bc7 Ra1+ 69. Kb7 Ke7 70. Bxd8+ Kxd8 71. e5 Rb1 72. Bg4 Ra1 73. e6 Re1 74. f5 Rb1 75. f6 Rxb6+ 76. Ka7 Rb7+ 77. Ka6 Rb6+ 78. Ka5 Rd6 79. Kb4 Rc6 80. Kb5 Rb6+ 81. Kc5 Rc6+ 82. Kd5 Rd6+ 83. Ke5 Rxe6+ 84. Kxe6 Kc7 85. Ke7 1-0


[Site "https://www.chess.com"]

[Event "Titled Tuesday Blitz December 13 Early 2022"]
[White "Buscar, Michael"]
[Black "Salman, Pavel"]
[WhiteFideId "2603616"]
[BlackFideId "24153753"]
[WhiteElo "2010"]
[BlackElo "2187"]
[Result "0-1"]
[Round "04"]
[TimeControl "180+1"]
[Date "2022.12.14"]
[WhiteClock "0:01:43"]
[BlackClock "0:01:53"]

1. Nf3 d6 2. b3 Bg4 3. Bb2 Bxf3 4. gxf3 Nf6 5. e3 c6 6. Nc3 Nbd7 7. Ne4 Qa5 8. Nxf6+ Nxf6 9. Bg2 h5 10. h4 e5 11. Bh3 g6 12. f4 Bg7 13. fxe5 dxe5 14. Qe2 Rd8 15. a3 Ne4 16. O-O-O O-O 17. Bg2 Nd6 18. Rhf1 Rfe8 19. Kb1 Re7 20. f4 exf4 21. Rxf4 Bxb2 22. Kxb2 Qe5+ 0-1


[Site "https://www.chess.com"]

[Event "Titled Tuesday Blitz December 13 Early 2022"]
[White "Chigaev, Maksim"]
[Black "Bochnicka, Vladimir"]
[WhiteFideId "4108116"]
[BlackFideId "14943450"]
[WhiteElo "2542"]
[BlackElo "2239"]
[Result "0-1"]
[Round "04"]
[TimeControl "180+1"]
[Date "2022.12.14"]
[WhiteClock "0:00:04"]
[BlackClock "0:00:10"]

1. e4 c5 2. Nf3 Nc6 3. d4 cxd4 4. Nxd4 e5 5. Nb5 d6 6. c4 Nf6 7. N1c3 a6 8. Na3 Be7 9. Be2 O-O 10. Be3 Be6 11. O-O Nd7 12. Nc2 Rc8 13. Nd5 Bg5 14. b4 Bxe3 15. fxe3 Ne7 16. Rc1 f5 17. Nxe7+ Qxe7 18. exf5 Bxf5 19. Qd5+ Kh8 20. Qxb7 Qg5 21. h4 Qg6 22. Ne1 Nf6 23. Qxa6 Ne4 24. Bf3 Qg3 25. c5 Nd2 26. Rf2 e4 27. Rxd2 exf3 28. Qxd6 f2+ 29. Rxf2 Qxd6 30. cxd6 Rxc1 31. Rf1 Rd8 32. Nf3 Rxf1+ 33. Kxf1 Rxd6 34. Nd4 Bd3+ 35. Ke1 Kg8 36. Kd2 Be4 37. a4 Bxg2 38. b5 Kf7 39. Kc3 Ke8 40. Kb4 Kd7 41. a5 Kc7 42. Kc5 Rd5+ 43. Kc4 Re5 44. a6 Rxe3 45. Kb4 Re4 46. Kc5 Rxh4 47. b6+ Kb8 48. Ne6 Rh5+ 49. Kb4 Rh6 50. a7+ Kb7 51. Nf4 Rxb6+ 0-1


[Site "https://www.chess.com"]